Description

6:30 ALL IN with Marine/Medivac/Tank/SCV

Build Order

Get SALT Encoding   

  14  0:17  Supply Depot  
  16  0:40  Barracks  
  17  0:45  Refinery  
  19  1:28  Reaper, Orbital Command  
  20  1:42  Command Center  
  22  2:02  Supply Depot  
  23  2:10  Factory  
  23  2:14  Refinery  
  25  2:23  Marine  
  26  2:44  Barracks Reactor  
  29  2:58  Orbital Command, Starport, Widow Mine  
  29  3:08  Barracks  Reaper dead
  30  3:20  Marine x2, Factory Tech Lab  Start Marines Production
  34  3:35  Liberator  Switch CC Rally Point
  41  3:46  Supply Depot  Supply Phase 1
  34  3:48  Factory Tech Lab  Give Tech Lab to Barracks
  45  3:56  Barracks  
  45  4:01  Stimpack  
  52  4:17  Siege Tank  
  54  4:23  Barracks Reactor  
  54  4:31  Supply Depot  Supply Phase 2
  64  4:52  Siege Tank  
  68  5:05  Barracks Reactor  
  70  5:11  Refinery  
  71  5:15  Engineering Bay  
  74  5:24  Siege Tank  
  82  5:42  Medivac  
  84  5:43  Missile Turret  
  85  5:48  Medivac  
  89  6:09  Siege Tank  
  99  6:27  Action  ALL IN
  99  6:33  Barracks  
  99  6:42  Siege Tank  
Spawning Tool Build Advisor. Get it on Overwolf

Go to:

Details

  • Created by: RAMBOO
  • Published on: Dec 14, 2018
  • Modified on: Dec 14, 2018
  • Patch: 4.7.1
Show
View Real Time Build Order
Export as new Build Order

Comments (0)

There are no comments. Be the first!

Create an account to comment!